 Dungeon Crawl Stone Soup version 0.31-a0-150-g89dc3ad700 (webtiles) character file.

Game seed: 14589926094862489222

3437 lunkers the Basher (level 10, -7/83 HPs)
             Began as a Meteoran Reaver on June 8, 2023.
             Was a Priest of Okawaru.
             Splashed by a brown ugly thing's acid (9 damage)
             ... on level 8 of the Dungeon on June 9, 2023.
             The game lasted 00:17:41 (3368 turns).

lunkers the Basher (Meteoran Reaver)                Turns: 3368, Time: 00:17:42

Health: -7/83      AC:  3    Str: 17    XL:     10   Next: 50%
Magic:  14/15      EV: 16    Int: 16    God:    Okawaru [***...]
Gold:   454        SH:  0    Dex: 15    Spells: 13/14 levels left

rFire   . . .        a - +3 mace of Gozag's Hope {venom, rN+ Dex+2}
rCold   . . .        (no shield)
rNeg    + . .        A - +0 ring mail {Will+}
rPois   +            (no helmet)
rElec   .            v - +0 cloak
rCorr   .            p - +0 pair of gloves
SInv    .            e - +0 pair of boots
Will    ++...        (no amulet)
Stlth   +            q - ring of poison resistance
HPRegen 0.33/turn    m - +4 ring of slaying
MPRegen 0.14/turn

%: no passive effects
@: heroic, corroded, glowing
A: sense surroundings 2, otherworldly, glowing, explore regen
a: Renounce Religion, Heroism


You were on level 8 of the Dungeon.
You worshipped Okawaru.
Okawaru was most pleased with you.
You visited 2 branches of the dungeon, and saw 9 of its levels.

You collected 454 gold pieces.

Inventory:

Hand Weapons
 a - the +3 mace of Gozag's Hope (weapon) {venom, rN+ Dex+2}
   (You found it on level 7 of the Dungeon)

   Dex:       It affects your dexterity (+2).
   rN:        It protects you from negative energy.
 b - a +2 whip of flaming
 s - a +1 flail
 w - a +1 whip of venom
 z - the +1 mace "Jadgh" {protect, rPois SInv}
   (You found it on level 4 of the Dungeon)

   rPois:     It protects you from poison.
   SInv:      It lets you see invisible.
Armour
 e - a +0 pair of boots (worn)
 p - a +0 pair of gloves (worn)
 v - a +0 cloak (worn)
 A - a +0 ring mail of willpower (worn)
 C - +0 acid dragon scales
Jewellery
 f - a ring of resist corrosion
 m - a +4 ring of slaying (right hand)
 n - a ring of flight
 q - a ring of poison resistance (left hand)
 y - an amulet of faith
Scrolls
 l - a scroll of identify
 r - 2 scrolls of teleportation
Potions
 c - a potion of magic {unknown}
 d - a potion of lignification
 g - a potion of mutation {unknown}
 h - a potion of resistance
 i - a potion of haste
 j - 3 potions of brilliance
 k - 3 potions of enlightenment
 o - 2 potions of curing
 t - a potion of heal wounds
 u - a potion of degeneration {unknown}


   Skills:
 + Level 5.7(10.7) Fighting
 - Level 14.0(19.0) Maces & Flails
 + Level 5.5(10.5) Armour
 + Level 6.2(11.2) Dodging
 - Level 2.6 Spellcasting
 - Level 3.6 Conjurations
 - Level 5.0 Invocations


You had 13 spell levels left.
You knew the following spells:

 Your Spells              Type           Power      Damage    Failure   Level
p - Kiss of Death         Conj/Necr      28%        2d7       16%         1

Your spell library contained the following spells:

 Spells                   Type           Power      Damage    Failure   Level
 Momentum Strike          Conj/Tloc      14%        3d8       22%         2
 Static Discharge         Conj/Air       14%        2-3/arc   22%         2
 Hailstorm                Conj/Ice       7%         3d4       41%         3
 Lesser Beckoning         Tloc           4%         N/A       43%         2
 Gell's Gravitas          Tloc           2%         N/A       67%         3
 Ozocubu's Armour         Ice            2%         N/A       67%         3
 Teleport Other           Tloc           2%         N/A       67%         3
 Airstrike                Air            1%         2d(1-17)  97%         4
 Ozocubu's Refrigeration  Ice            1%         4d7       100%        7
 Summon Lightning Spire   Summ/Air       Unusable   N/A       N/A         4

Dungeon Overview and Level Annotations

Branches:
Dungeon (8/15) Zot: 1738   Temple (1/1) D:4 Zot: 443
   Lair: D:8-11

Altars:
Cheibriados
Dithmenos
Elyvilon
Fedhas
Gozag
Hepliaklqana
Kikubaaqudgha
Makhleb
Nemelex Xobeh
Okawaru
Qazlal
Sif Muna
Trog
Uskayaw
Vehumet
Xom
Yredelemnul
Zin
The Shining One

Shops:
D:6 [


Innate Abilities, Weirdness & Mutations

You passively map the area around you.
You are easily found by Zot.
You glow in the dark.
You regain HP and MP as you explore.


Message History

The brown ugly thing is moderately wounded.
You hit the brown ugly thing.
The brown ugly thing looks as sick as possible!
The brown ugly thing is moderately wounded.
The brown ugly thing claws you.
* * * LOW HITPOINT WARNING * * *
You are splashed with acid.
* * * LOW HITPOINT WARNING * * *
You thump the brown ugly thing!
The brown ugly thing looks as sick as possible!
The brown ugly thing is heavily wounded.
The brown ugly thing claws you but does no damage.
You thump the brown ugly thing!
The brown ugly thing looks as sick as possible!
The brown ugly thing is severely wounded.
You sock the brown ugly thing!
The brown ugly thing is severely wounded.
The brown ugly thing claws you.
* * * LOW HITPOINT WARNING * * *
The acid corrodes you!
You are splashed with acid!
* * * LOW HITPOINT WARNING * * *
You hit the brown ugly thing. You punch the brown ugly thing.
The brown ugly thing is almost dead.
The brown ugly thing closely misses you.
You barely miss the brown ugly thing.
The brown ugly thing is almost dead.
The brown ugly thing claws you!
* * * LOW HITPOINT WARNING * * *
You are splashed with acid!
* * * LOW HITPOINT WARNING * * *
You hit the brown ugly thing but do no damage.
The brown ugly thing looks as sick as possible!
You punch the brown ugly thing, but do no damage.
The brown ugly thing is almost dead.
You closely miss the brown ugly thing.
The brown ugly thing is almost dead.
The brown ugly thing claws you.
* * * LOW HITPOINT WARNING * * *
You are splashed with acid!
You die...

, ,, + , , *, , ,*
########+ * , *,*
#.......,, , +* * *
, #.....#####* , , ,
+........#., * , ,
#.....#.##.## * , ,,
, #<....##)##.# * ,,
,, ,
#####.....#..#.u# ,
* *
...........##.##@##
*
...........##..#..#
* ,*, ,
...........##.##.##
* , , ,
...........###.##.#*
, *
..#+#########.....#
* .. , , ####### *,
, , , ,, ,, , * , *+
,, ,, * * *+ , * * *
*


You could see a brown ugly thing (extremely poisoned).

Vanquished Creatures
  Pikel (D:5)
  A steam dragon (D:6)
  An acid dragon (D:6)
  A water moccasin (D:5)
  2 sky beasts
  A black bear (D:6)
  3 ice beasts
  The ghost of greynaab the Trooper, an amateur DsFi (D:3)
  3 ogres
  A centaur (D:5)
  2 phantoms
  2 lemures (D:5)
  A kobold brigand (D:7)
  2 bullfrogs (D:7)
  A gnoll sergeant (D:6)
  3 scorpions
  5 wights (D:6)
  A howler monkey (D:8)
  5 hounds
  2 jellies
  A gnoll bouda (D:6)
  2 orc priests
  Crazy Yiuf (D:5)
  2 iguanas
  6 orc wizards
  9 gnolls (D:6)
  6 adders
  A shadow imp (D:7)
  A white imp (D:7)
  An ufetubus (D:4)
  3 worms
  A dart slug (D:3)
  22 orcs
  3 bats
  4 endoplasms
  A giant cockroach (D:2)
  6 goblins
  7 hobgoblins
  6 kobolds
  2 quokkas (D:2)
  7 ball pythons
  A frilled lizard (D:1)
  3 rats (D:1)
135 creatures vanquished.

Notes
Turn   | Place    | Note
-------+----------+-------------------------------------------
     0 | D:1      | lunkers the Meteoran Reaver began the quest for the Orb.
     0 | D:1      | Reached XP level 1. HP: 17/17 MP: 5/5
    80 | D:1      | Reached XP level 2. HP: 20/24 MP: 6/6
   485 | D:1      | Reached skill level 5 in Maces & Flails
   492 | D:1      | Glimpsed the power of Zot.
   521 | D:2      | Reached XP level 3. HP: 29/29 MP: 8/8
   816 | D:3      | Reached skill level 6 in Maces & Flails
   816 | D:3      | Reached XP level 4. HP: 33/36 MP: 9/9
   854 | D:3      | Found a runed translucent door.
   870 | D:3      | Noticed greynaab's ghost (amateur DsFi)
   881 | D:3      | Killed greynaab's ghost
   882 | D:3      | Reached skill level 7 in Maces & Flails
   882 | D:3      | Reached XP level 5. HP: 28/41 MP: 10/10
   992 | D:4      | Identified the +1 mace "Jadgh" {protect, rPois SInv}
  1084 | D:4      | Found a staircase to the Ecumenical Temple.
  1105 | D:4      | Reached XP level 6. HP: 48/48 MP: 11/11
  1110 | Temple   | Entered the Ecumenical Temple
  1245 | Temple   | Became a worshipper of Warmaster Okawaru
  1279 | D:4      | Reached skill level 8 in Maces & Flails
  1469 | D:4      | Noticed an ogre
  1494 | D:4      | Killed an ogre
  1495 | D:4      | Reached skill level 9 in Maces & Flails
  1495 | D:4      | Reached XP level 7. HP: 31/55 MP: 12/12
  1552 | D:4      | Reached * piety under Okawaru
  1683 | D:5      | Entered Level 5 of the Dungeon
  1717 | D:5      | Reached skill level 10 in Maces & Flails
  1720 | D:5      | Noticed a water moccasin
  1727 | D:5      | Killed a water moccasin
  1747 | D:5      | Reached skill level 11 in Maces & Flails
  1747 | D:5      | Reached XP level 8. HP: 60/61 MP: 13/13
  1843 | D:5      | Noticed Pikel
  1876 | D:5      | Killed Pikel
  1876 | D:5      | Reached ** piety under Okawaru
  1877 | D:5      | Reached skill level 13 in Maces & Flails
  1877 | D:5      | Gained mutation: You passively map the area around you.
                  | [Meteoran growth]
  1877 | D:5      | Reached XP level 9. HP: 33/67 MP: 14/14
  1977 | D:5      | HP: 3/67 [orc priest/+0 dagger of venom (2)]
  2040 | D:5      | Reached skill level 1 in Invocations
  2085 | D:5      | Reached skill level 14 in Maces & Flails
  2139 | D:5      | Found a runed translucent door.
  2140 | D:5      | Noticed Crazy Yiuf
  2146 | D:5      | Killed Crazy Yiuf
  2268 | D:6      | Reached *** piety under Okawaru
  2269 | D:6      | Reached skill level 5 in Invocations
  2273 | D:6      | Reached skill level 1 in Armour
  2412 | D:6      | Found Qefirit's Antique Armour Shop.
  2484 | D:6      | Reached XP level 10. HP: 29/78 MP: 12/15
  2727 | D:6      | Reached skill level 5 in Dodging
  2905 | D:7      | Reached skill level 5 in Fighting
  3024 | D:7      | Reached skill level 5 in Armour
  3065 | D:7      | Reached **** piety under Okawaru
  3092 | D:7      | Identified the +3 mace of Gozag's Hope {venom, rN+ Dex+2}
  3352 | D:8      | Noticed a brown ugly thing
  3366 | D:8      | HP: 3/83 [acid (8)]
  3368 | D:8      | Splashed by a brown ugly thing's acid

Illustrated notes

Levels and vault maps discovered:
D:1:      mrwooster_arrival_statue_3, layout_basic
D:2:      layout_rooms, minivault_26
D:3:      layout_basic, serial_shops, nicolae_shop_waterfront,
          dreamdust_ecumenical_altar_statues, ebering_ghost_sewer_d,
          palyth_stone_intersect
D:4:      layout_layer_cave, minmay_temple_entry_large_hall,
          mrwooster_statue_mirror, minmay_puff
D:5:      layout_loops_ring, uniq_crazy_yiuf_cottage, uniq_pikel
D:6:      layout_basic, lemuel_crystal_altar, serial_shops, shop
D:7:      layout_basic, lemuel_flamethrower_1
D:8:      minmay_angry_zag, layout_gridville, kennysheep_mini_moat,
          dreamdust_mushroom_princess, uniq_erica
Temple:   hellmonk_temple_of_storms

Skill      XL: |  1  2  3  4  5  6  7  8  9 10 |
---------------+-------------------------------+-----
Maces & Flails | 5 6 7 9 11 13 14 | 14.0
Invocations    | 5 |  5.0
Armour         | 3 5 |  5.5
Dodging        | 4 6 |  6.2
Fighting       | 3 5 |  5.7
Spellcasting   | |  2.6
Conjurations   | |  3.6

Action                     |  1- 3 |  4- 6 |  7- 9 | 10-12 || total
---------------------------+-------+-------+-------+-------++-------
  Melee: Mace              |    15 |    31 |    64 |    17 ||   127
         Flail             |    84 |    14 |       |       ||    98
         Whip              |       |       |   161 |   138 ||   299
         Punch             |       |       |     2 |     5 ||     7
 Invoke: Heroism           |       |       |     3 |     1 ||     4
    Use: Scroll            |       |     9 |     3 |     3 ||    15
         Potion            |       |       |     1 |       ||     1
 Armour: Leather armour    |    29 |       |       |       ||    29
         Scale mail        |    13 |    21 |    67 |     1 ||   102
         Ring mail         |       |       |       |    46 ||    46
  Dodge: Dodged            |    49 |    16 |    51 |    63 ||   179

Table legend: (Time is in decaauts)
 A = Elapsed time spent in this place.
 B = Non-inter-level travel time spent in this place.
 C = Inter-level travel time spent in this place.
 D = Time resting spent in this place.
 E = Time spent auto-exploring this place.
 F = Levels seen in this place.
 G = Mean time per level.
                   A        B        C        D        E       F      G
               +--------+--------+--------+--------+--------+-----+--------+
         Total |   3218 |   3084 |    134 |      0 |   1432 |   9 |  357.6 |
       Dungeon |   3061 |   2952 |    109 |      0 |   1414 |   8 |  382.6 |
        Temple |    156 |    131 |     25 |      0 |     18 |   1 |  156.0 |
               +--------+--------+--------+--------+--------+-----+--------+

Top non-repeatable levels by time:
     D:4: 551 daAuts
     D:6: 540 daAuts
     D:1: 515 daAuts
     D:5: 472 daAuts
     D:7: 463 daAuts
     D:2: 279 daAuts
     D:3: 195 daAuts
  Temple: 156 daAuts
     D:8: 41 daAuts
